 Dungeon Crawl Stone Soup version 0.32-a0-35-gd9ff480968 (webtiles) character file.

Game seed: 9579228724443769999

403 IdlyInterested the Slasher (level 6, -8/48 HPs)
             Began as a Demonspawn Gladiator on Jan 22, 2024.
             Mangled by a sleepcap (19 damage)
             ... on level 4 of the Dungeon.
             The game lasted 00:10:43 (2768 turns).

IdlyInterested the Slasher (Demonspawn Gladiator)   Turns: 2768, Time: 00:10:44

Health: -8/48      AC:  6    Str: 16    XL:     6   Next: 55%
Magic:  6/6        EV:  2    Int:  8    God:
Gold:   147        SH:  0    Dex: 17    Spells: 4/5 levels left

rFire   . . .        a - +0 long sword
rCold   . . .        (no shield)
rNeg    . . .        n - +0 ring mail
rPois   .            c - +0 helmet
rElec   .            (no cloak)
rCorr   .            (no gloves)
SInv    .            (no boots)
Will    .....        (no amulet)
Stlth   ++           (no ring)
HPRegen 0.28/turn    (no ring)
MPRegen 0.10/turn

%: no passive effects
@: sleeping
A: thin skeletal structure 1, demonic magic 1
a: no special abilities


You were on level 4 of the Dungeon.
You visited 1 branch of the dungeon, and saw 4 of its levels.

You collected 147 gold pieces.

Inventory:

Hand Weapons
 a - a +0 long sword (weapon)
 h - a +0 dagger
Missiles
 d - 2 throwing nets
 e - 5 javelins
 f - 84 stones (quivered)
Armour
 b - a +0 leather armour
 c - a +0 helmet (worn)
 n - a +0 ring mail (worn)
Talismans
 g - a flux talisman
 p - a granite talisman
 t - a serpent talisman
Scrolls
 k - 2 scrolls of poison
 l - 3 scrolls of teleportation
 m - a scroll of noise {unknown}
 o - a scroll of fog {unknown}
 q - a scroll of enchant armour
 r - a scroll of butterflies
 s - a scroll of amnesia
 u - a scroll of acquirement {unknown}
Potions
 i - a potion of cancellation {unknown}
 j - a potion of ambrosia {unknown}
 v - a potion of might {unknown}


   Skills:
 - Level 4.0 Fighting
 * Level 3.0(4.3) Short Blades
 - Level 4.7(5.1) Long Blades
 - Level 2.0 Throwing
 - Level 3.0 Dodging


You had 4 spell levels left.
You knew the following spells:

 Your Spells              Type           Power      Damage    Failure   Level
a - Apportation           Tloc           0%         N/A       63%         1

Your spell library contained the following spells:

 Spells                   Type           Power      Damage    Failure   Level
 Foxfire                  Conj/Fire      0%         2x1d4     63%         1
 Shock                    Conj/Air       0%         1d3       63%         1
 Jinxbite                 Hex            0%         N/A       77%         2
 Swiftness                Air            0%         N/A       94%         3
 Airstrike                Air            0%         2d(0-16)  100%        4
 Alistair's Intoxication  Alch           0%         N/A       100%        5
 Plasma Beam              Fire/Air       0%         2x1d10    100%        6
 Starburst                Conj/Fire      0%         6d3       100%        6


Dungeon Overview and Level Annotations

Branches:
Dungeon (4/15)
 Temple: D:4-7

Altars:

Shops:
D:2 :


Innate Abilities, Weirdness & Mutations

You have a somewhat thin skeletal structure. (Dex +2, Stealth+)
Spells you cast may paralyse adjacent enemies.


Message History

The adder bites you but does no damage. The sleepcap releases spores at you.
The adder completely misses you.
Your base Short Blades skill increases to level 3!
Found a dagger.
The sleepcap releases spores at you. The adder attacks as it pursues you!
The adder closely misses you. The adder bites you but does no damage.
You closely miss the adder. The adder misses you.
You hit the adder.
The adder is moderately wounded.
The adder barely misses you. The adder closely misses you.
You slash the adder!
You kill the adder!
You hit the sleepcap but do no damage.
The sleepcap is moderately damaged.
The sleepcap releases spores at you.
You are engulfed in a cloud of soporific spores!
You fall asleep.
The sleepcap releases spores at you.
You wake up.
* * * LOW HITPOINT WARNING * * *
You slash the sleepcap!
The sleepcap is heavily damaged.
The sleepcap releases spores at you.
* * * LOW HITPOINT WARNING * * *
You are engulfed in a cloud of soporific spores!
You are unaffected.
You hit the sleepcap.
The sleepcap is heavily damaged.
The sleepcap completely misses you.
You hit the sleepcap but do no damage.
The sleepcap is heavily damaged.
The sleepcap releases spores at you but does no damage. x2
You hit the sleepcap but do no damage.
The sleepcap is heavily damaged.
The sleepcap releases spores at you.
* * * LOW HITPOINT WARNING * * *
You are engulfed in a cloud of soporific spores!
You fall asleep.
The sleepcap releases spores at you but does no damage.
The sleepcap releases spores at you!!
You die...

....# #.# ##..### #)# #
##....[. #.# .#
.#.......######.####..#
.#####...........>.?..#
<# .# #.).......... .#
# #............ .#
#.###f###### .. #.###.#
#.@....# ## #....#
######.# #.###.# #.#
#.# #.# #.# #.# #.#


You could see a sleepcap.

Vanquished Creatures
  Sigmund (D:2)
  A bombardier beetle (D:4)
  A hound (D:4)
  An orc wizard (D:3)
  7 adders
  5 dart slugs
  2 ribbon worms
  4 orcs
  4 endoplasms
  2 giant cockroaches
  4 goblins
  7 hobgoblins
  4 quokkas
  3 ball pythons
  6 bats
  8 frilled lizards
  16 kobolds
  3 rats
79 creatures vanquished.

Notes
Turn   | Place    | Note
-------+----------+-------------------------------------------
     0 | D:1      | IdlyInterested the Demonspawn Gladiator began the quest for
                  | the Orb.
     0 | D:1      | Reached XP level 1. HP: 16/16 MP: 1/1
   106 | D:1      | Gained mutation: You have a somewhat thin skeletal
                  | structure. (Dex +2, Stealth+) [demonic ancestry]
   106 | D:1      | Reached XP level 2. HP: 17/22 MP: 2/2
   676 | D:1      | Reached XP level 3. HP: 28/28 MP: 3/3
   970 | D:2      | Found Luar's Book Shop.
  1228 | D:2      | Noticed Sigmund
  1265 | D:2      | Killed Sigmund
  1266 | D:2      | Reached XP level 4. HP: 14/37 MP: 4/4
  1266 | D:2      | Gained mutation: Spells you cast may paralyse adjacent
                  | enemies. [demonic ancestry]
  1266 | D:2      | Reached XP level 5. HP: 15/42 MP: 5/5
  1856 | D:3      | Reached skill level 1 in Short Blades
  1902 | D:3      | HP: 2/42 [something/puff of flame (7)]
  1907 | D:3      | Reached XP level 6. HP: 14/48 MP: 6/6
  2718 | D:4      | Learned a level 1 spell: Apportation
  2768 | D:4      | Mangled by a sleepcap

Illustrated notes

Levels and vault maps discovered:
D:1:      lightli_arrival_statue_moat, layout_rooms, lexackson_kobold_supper
D:2:      layout_rooms, serial_aquarium, aquarium_bridge_long_separate
          [aquarium_subvault_window, aquarium_subvault_bridge,
          aquarium_subvault_wall, aquarium_subvault_bridge,
          aquarium_subvault_bridge, aquarium_subvault_wall], aquarium_window_1,
          aquarium_window_corridor_2, aquarium_window_fake, aquarium_view_2d,
          aquarium_pool_double, serial_shops, shop, uniq_sigmund
D:3:      layout_loops_ring, minmay_distorted
D:4:      layout_loops_ring, chequers_temple_overflow_statue_of_worship,
          kennysheep_opposing_triangles

Skill      XL: |  1  2  3  4  5  6 |
---------------+-------------------+-----
Throwing       | 2 |  2.0
Long Blades    | 3 4 |  4.7
Dodging        | 3 |  3.0
Fighting       | 4 |  4.0
Short Blades   | 1 3 |  3.0

Action                     |  1- 3 |  4- 6 || total
---------------------------+-------+-------++-------
  Melee: Long sword        |   302 |   126 ||   428
         Punch             |     4 |     1 ||     5
  Throw: Throwing net      |     2 |       ||     2
         Javelin           |       |     1 ||     1
         Stone             |       |     4 ||     4
    Use: Potion            |     2 |     2 ||     4
         Scroll            |       |     5 ||     5
   Stab: Sleeping          |     1 |     6 ||     7
 Armour: Leather armour    |    59 |       ||    59
         Ring mail         |    53 |   101 ||   154
  Dodge: Dodged            |   114 |    77 ||   191

Table legend: (Time is in decaauts)
 A = Elapsed time spent in this place.
 B = Non-inter-level travel time spent in this place.
 C = Inter-level travel time spent in this place.
 D = Time resting spent in this place.
 E = Time spent auto-exploring this place.
 F = Levels seen in this place.
 G = Mean time per level.
                   A        B        C        D        E       F      G
               +--------+--------+--------+--------+--------+-----+--------+
         Total |   2839 |   2632 |    207 |    450 |   1094 |   4 |  709.8 |
       Dungeon |   2839 |   2632 |    207 |    450 |   1094 |   4 |  709.8 |
               +--------+--------+--------+--------+--------+-----+--------+

Top non-repeatable levels by time:
     D:1: 965 daAuts
     D:2: 896 daAuts
     D:3: 859 daAuts
     D:4: 117 daAuts
